 Dungeon Crawl Stone Soup version 0.24.0-37-gcf1ca852f1 (webtiles) character file.

Game seed: 5035734024390809461, levelgen mode: deterministic

60 Descartes the Grasshopper (level 3, -2/16 HPs)
             Began as a Felid Warper on Nov 27, 2019.
             Slain by an orc
             ... wielding a +0 flail
              (4 damage)
             ... on level 3 of the Dungeon.
             The game lasted 00:02:48 (2436 turns).

Descartes the Grasshopper (Felid Warper)            Turns: 2436, Time: 00:02:49

Health: -2/16      AC:  1    Str:  8    XL:     3   Next: 82%
Magic:  7/7        EV: 19    Int: 14    God:
Gold:   82         SH:  0    Dex: 15    Spells: 6/6 levels left
                                        Lives:  0   Deaths: 0

rFire    . . .     SeeInvis +     - Unarmed
rCold    . . .     Gourm    .   (shield unavailable)
rNeg     . . .     Faith    .   (armour unavailable)
rPois    .         Spirit   .   (helmet unavailable)
rElec    .         Reflect  .   (cloak unavailable)
rCorr    .         Harm     .   (gloves unavailable)
MR       .....                  (boots unavailable)
Stlth    ++........             (no amulet)
HPRegen  0.05/turn              (no ring)
MPRegen  0.10/turn              (no ring)

@: quick
A: very small, no armour, no weapons or thrown items, stealth, claws 1, fangs 3,
see invisible, carnivore, speed 1, shaggy fur 1, slow metabolism 1, sharp paws
a: no special abilities


You were on level 3 of the Dungeon.
You were completely stuffed.

You visited 1 branch of the dungeon, and saw 3 of its levels.

You collected 82 gold pieces.

Inventory:

Missiles
 d - 47 arrows
 h - 62 stones
Scrolls
 b - a scroll of blinking
 e - a scroll of noise {unknown}
 g - 2 scrolls of fear {unknown}
 m - 2 scrolls of identify {unknown}
 n - a scroll of magic mapping {unknown}
Potions
 a - 2 potions of heal wounds {unknown}
 f - 2 potions of agility {unknown}
 i - a potion of flight {unknown}
 j - a potion of resistance {unknown}
 k - a potion of haste {unknown}
 l - a potion of cancellation {unknown}
Comestibles
 c - 3 rations
 o - 5 chunks of flesh


   Skills:
 + Level 2.5 Fighting
 + Level 3.8 Dodging
 + Level 1.7 Stealth
 * Level 2.8 Unarmed Combat
 + Level 2.3 Spellcasting
   Level 4.4 Translocations


You had 6 spell levels left.
You didn't know any spells.
Your spell library contained the following spells:

 Spells                   Type           Power        Failure   Level  Hunger
 Blink                    Tloc           N/A          5%          2    ###....
 Gell's Gravitas          Tloc           ##........   11%         3    ###....
 Lesser Beckoning         Tloc           ##........   11%         3    ###....
 Teleport Other           Tloc           ##......     11%         3    ###....
 Shroud of Golubria       Chrm/Tloc      #.....       14%         2    ###....
 Passage of Golubria      Tloc           N/A          36%         4    #####..


Dungeon Overview and Level Annotations

Branches:
Dungeon (3/15)

Altars:


Innate Abilities, Weirdness & Mutations

You cannot wear armour.
You are incapable of wielding weapons or throwing items.
Your paws allow you to move quietly. (Stealth)
You have sharp claws.
You have razor-sharp teeth.
You have supernaturally acute eyesight. (SInv)
You are carnivorous and can eat meat at any time.
You cover ground quickly.
You are covered in fur. (AC +1)
You have a slow metabolism.
Your sharp claws are effective at attacking unaware monsters.


Message History

* * * LOW HITPOINT WARNING * * *
You see here an orc corpse.
You scratch the orc.
The orc is severely wounded.
The orc closely misses you.
You scratch the orc.
You kill the orc!
The orc misses you. The orc completely misses you.
Things that are here:
a +0 club; a +0 leather armour; an orc corpse You scratch the orc.
The orc is heavily wounded.
The orc closely misses you.
You scratch the orc.
The orc is severely wounded.
You scratch the orc but do no damage.
The orc is severely wounded.
The orc hits you with a +0 flail.
You die...

#+## #. #...##
#.## #.$...#
#.#.## ##..)....
##....####........
#.......†@.%......
#.....###o>.......
#(....# #.#.......
#.###.###.##.....#
#.........# #...##
#####.##### #+##
#.# #.# #.# #.#
#.# ##<##


You could see an orc.

Vanquished Creatures
  2 adders (D:2)
  A dart slug (D:1)
  3 leopard geckos
  3 orcs (D:3)
  2 ball pythons
  A bat (D:1)
  3 giant cockroaches (D:1)
  3 goblins
  5 hobgoblins
  2 frilled lizards
  3 kobolds (D:1)
  6 rats
34 creatures vanquished.

Notes
Turn   | Place    | Note
-------+----------+-------------------------------------------
     0 | D:1      | Descartes the Felid Warper began the quest for the Orb.
     0 | D:1      | Reached XP level 1. HP: 9/9 MP: 4/4
   249 | D:1      | Reached XP level 2. HP: 13/13 MP: 6/6
   460 | D:1      | Reached skill level 1 in Stealth
  1684 | D:2      | Reached XP level 3. HP: 16/16 MP: 7/7
  2042 | D:2      | Found a faded altar of an unknown god.
  2436 | D:3      | Slain by an orc

Levels and vault maps discovered:
D:1:      dpeg_arrival_water_fire, layout_loops_ring, minmay_tromino_v7
D:2:      layout_basic, chequers_ecumenical_altar_simple
D:3:      layout_loops_corners, first_ration

Skill      XL: |  1  2 |
---------------+-------+-----
Stealth        | 1 |  1.7
Fighting       | |  2.5
Dodging        | |  3.8
Unarmed Combat | |  2.8
Spellcasting   | |  2.3
Translocations | |  4.4

Action                   || total
-------------------------++-------
Melee: Unarmed           ||   102
       Punch             ||     3
       Bite              ||     5
 Stab: Sleeping          ||     4
  Eat: Chunk             ||    10
Armor: Skin              ||     2
Dodge: Dodged            ||    73
